 Dungeon Crawl Stone Soup version 0.25.1-2-g60ff931df9 (webtiles) character file.

Game seed: 6890065947981482356

407 Exodus22XD the Slasher (level 7, -3/55 HPs)
             Began as a Human Berserker on Oct 17, 2020.
             Was a Believer of Trog.
             Killed by divine providence
             ... invoked by an orc priest
              (12 damage)
             ... on level 7 of the Dungeon.
             The game lasted 00:03:27 (3055 turns).

Exodus22XD the Slasher (Human Berserker)            Turns: 3055, Time: 00:03:28

Health: -3/55      AC: 12    Str: 19    XL:     7   Next: 12%
Magic:  7/7        EV:  8    Int:  8    God:    Trog [**....]
Gold:   160        SH:  0    Dex: 12    Spells: 6/6 levels left

rFire    + . .     SeeInvis .   a - +0 falchion
rCold    . . .     Gourm    .   (no shield)
rNeg     . . .     Faith    .   v - +2 chain mail {rF+}
rPois    .         Spirit   .   (no helmet)
rElec    .         Reflect  .   (no cloak)
rCorr    .         Harm     .   e - +0 pair of gloves
MR       .....                  (no boots)
Stlth    ..........             (no amulet)
HPRegen  0.18/turn              g - ring of stealth
MPRegen  0.10/turn              (no ring)

@: berserk cooldown, slowed, very slow
A: no striking features
a: Berserk, Trog's Hand, Renounce Religion


You were on level 7 of the Dungeon.
You worshipped Trog.
Trog was pleased with you.
You were hungry.

You visited 1 branch of the dungeon, and saw 5 of its levels.

You collected 160 gold pieces.

Inventory:

Hand Weapons
 a - a +0 falchion (weapon)
Armour
 d - a +0 plate armour of poison resistance
 e - a +0 pair of gloves (worn)
 v - a +2 chain mail of fire resistance (worn)
Jewellery
 g - a ring of stealth (left hand)
 l - a cursed ring of attention {unknown}
Scrolls
 b - 2 scrolls of blinking {unknown}
 f - a scroll of magic mapping {unknown}
 k - a scroll of immolation {unknown}
 m - 2 scrolls of remove curse {unknown}
 p - 4 scrolls of amnesia {unknown}
 q - a scroll of fear {unknown}
 s - a scroll of teleportation {unknown}
 t - a scroll of identify {unknown}
Potions
 h - 3 potions of curing {unknown}
 i - a potion of degeneration {unknown}
 j - a potion of heal wounds {unknown}
 n - a potion of magic {unknown}
 r - 2 potions of flight {unknown}
 u - 2 potions of brilliance {unknown}
Comestibles
 c - 2 rations
 o - 2 chunks of flesh


   Skills:
 + Level 4.4 Fighting
 + Level 5.7 Long Blades
 + Level 3.0 Armour
 + Level 3.0 Dodging


You had 6 spell levels left.
You didn't know any spells.
Your spell library was empty.

Dungeon Overview and Level Annotations

Branches:
Dungeon (4/15)
 Temple: D:4-7

Altars:
Wu Jian


Message History

* * * LOW HITPOINT WARNING * * *
Things that are here:
a +0 dagger; a +0 robe; an orc corpse Unknown command.
You hit the orc.
You kill the orc!
Trog accepts your kill.
You are near starving!
You slash the orc!
You kill the orc!
Trog accepts your kill. The orc closely misses you.
The orc hits you but does no damage.
Eat one of 3 chunks of flesh? (ye/n/q)
You eat one of the 3 chunks of flesh.
This raw flesh tastes terrible.
You are feeling hungry.
The orc barely misses you.
The orc priest calls down the wrath of Beogh upon you.
Beogh smites you!
You die...

#.o #.o #o. #..
#.. . #..########
...
##...oooo))####..#
#..#...###o.@....#
##....# #######..#
#.....# #....##
#....# #...##
#...# #..## #..


You could see 2 orc priests and 3 orcs.

Vanquished Creatures
  Sigmund (D:2)
  An ogre (D:4)
  A quasit (D:7)
  An orc wizard (D:7)
  A howler monkey skeleton (D:4)
  3 oozes
  2 worms (D:2)
  2 dart slugs (D:2)
  2 leopard geckos
  5 orcs
  4 bats
  3 giant cockroaches
  5 goblins
  3 hobgoblins
  9 jackals
  A quokka (D:3)
  7 frilled lizards
  5 kobolds
  6 rats
62 creatures vanquished.

Notes
Turn   | Place    | Note
-------+----------+-------------------------------------------
     0 | D:1      | Exodus22XD the Human Berserker began the quest for the Orb.
     0 | D:1      | Reached XP level 1. HP: 18/18 MP: 1/1
   179 | D:1      | Reached XP level 2. HP: 23/24 MP: 2/2
   613 | D:1      | Reached XP level 3. HP: 29/29 MP: 3/3
  1048 | D:2      | Noticed Sigmund
  1060 | D:2      | Killed Sigmund
  1060 | D:2      | Reached skill level 4 in Long Blades
  1060 | D:2      | Reached XP level 4. HP: 36/37 MP: 4/4
  1060 | D:2      | Reached XP level 5. HP: 41/42 MP: 5/5
  1060 | D:2      | Reached XP level 6. HP: 47/48 MP: 6/6
  1123 | D:2      | Reached ** piety under Trog
  2026 | D:3      | Reached skill level 5 in Long Blades
  2059 | D:3      | Found an ornate altar of the Wu Jian Council.
  2688 | D:4      | Noticed an ogre
  2698 | D:4      | Killed an ogre
  2994 | D:4      | You fall into a shaft and drop 3 floors!
  3016 | D:7      | Reached XP level 7. HP: 55/55 MP: 7/7
  3055 | D:7      | Killed from afar by an orc priest

Illustrated notes

Levels and vault maps discovered:
D:1:      erik_arrival_cave_to_civilisation [erik_arrival_cave_to_hall],
          layout_basic
D:2:      layout_basic, uniq_sigmund
D:3:      layout_loops_cross, overflow_temple_1_default
D:4:      layout_loops_ring, grunt_tough_drop, uniq_duvessa, uniq_grinder
D:7:      layout_cave_pods, lightli_temple_of_fire,
          nicolae_overflow_hidden_temple, minmay_misc_feat_cross

Skill      XL: |  1  2  3  4  5  6  7 |
---------------+----------------------+-----
Fighting       | 4 |  4.4
Long Blades    | 4 5 |  5.7
Dodging        | 3 |  3.0
Armour         | 3 |  3.0

Action                   |  1- 3 |  4- 6 |  7- 9 || total
-------------------------+-------+-------+-------++-------
Melee: Falchion          |    58 |   137 |    25 ||   220
Invok: Berserk           |     2 |     2 |       ||     4
       Trog's Hand       |       |       |     2 ||     2
  Eat: Chunk             |     1 |     9 |     1 ||    11
Armor: Animal skin       |    10 |       |       ||    10
       Plate armour      |     1 |    63 |       ||    64
       Chain mail        |       |    45 |    40 ||    85
Dodge: Dodged            |    42 |    54 |    41 ||   137
       Rpst.: Falchion   |    15 |    16 |     6 ||    37
